 Dungeon Crawl Stone Soup version 0.28.0-53-g5a82cb258f (webtiles) character file.

Game seed: 14327545172680623360

109 styxcanada the Sneak (level 4, -2/23 HPs)
             Began as a Spriggan Brigand on Aug 6, 2022.
             Slain by a water moccasin (6 damage)
             ... on level 3 of the Dungeon.
             The game lasted 00:08:46 (3667 turns).

styxcanada the Sneak (Spriggan Brigand)             Turns: 3667, Time: 00:08:46

Health: -2/23      AC:  4    Str:  7    XL:     4   Next: 60%
Magic:  5/5        EV: 17    Int: 12    God:
Gold:   109        SH:  0    Dex: 18    Spells: 3/3 levels left

rFire   . . .      SeeInvis +   a - +2 dagger (vorpal)
rCold   . . .      Faith    .   (no shield)
rNeg    . . .      Spirit   .   b - +0 robe
rPois   .          Reflect  .   (helmet restricted)
rElec   .          Harm     .   c - +1 cloak
rCorr   .          Rampage  .   (gloves unavailable)
Will    .....                   (boots unavailable)
Stlth   ++++......              (no amulet)
HPRegen 0.07/turn               (no ring)
MPRegen 0.09/turn               (no ring)

@: very quick
A: very small, no large weapons, unfitting armour, see invisible, speed 3
a: no special abilities


You were on level 3 of the Dungeon.
You visited 1 branch of the dungeon, and saw 3 of its levels.

You collected 109 gold pieces.

Inventory:

Hand Weapons
 a - a +2 vorpal dagger (weapon)
Missiles
 d - 3 poisoned darts (quivered)
 e - 2 curare-tipped darts
 h - 95 stones
 j - 2 silver boomerangs
 n - 13 sling bullets
Armour
 b - a +0 robe (worn)
 c - a +1 cloak (worn)
Scrolls
 p - a scroll of magic mapping {unknown}
 q - a scroll of holy word {unknown}
 s - a scroll of teleportation {unknown}
Potions
 f - a potion of brilliance {unknown}
 g - 2 potions of curing {unknown}
 i - a potion of haste {unknown}
 r - a potion of attraction {unknown}


   Skills:
 * Level 1.9 Fighting
 + Level 3.0 Short Blades
 + Level 2.2 Throwing
 * Level 2.3 Dodging
 * Level 7.9 Stealth


You had 3 spell levels left.
You didn't know any spells.
Your spell library was empty.

Dungeon Overview and Level Annotations

Branches:
Dungeon (3/15)

Altars:


Innate Abilities, Weirdness & Mutations

You are very small and have problems with some larger weapons.
You are too small for most types of armour.
You have supernaturally acute eyesight. (SInv)
You cover ground extremely quickly. (Speed+++)


Message History

The poisoned dart hits the adder.
The adder is poisoned.
The endoplasm quivers.
The water moccasin misses you.
You hit the endoplasm.
The endoplasm is almost dead.
The water moccasin bites you. The endoplasm barely misses you.
Found a stone staircase leading down.
The endoplasm closely misses you.
The adder looks more healthy.
Throw: 5 darts (poison)
Press: ? - help, Q - select action, (/) - cycle Shift-Dir - straight line, f/p - water moccasin
Aim: a water moccasin (44% to hit)
You throw a poisoned dart.
The poisoned dart closely misses the water moccasin.
Throw: 4 darts (poison)
Press: ? - help, Q - select action, (/) - cycle Shift-Dir - straight line, f/p - water moccasin
Aim: a water moccasin (44% to hit)
You throw a poisoned dart.
The poisoned dart hits the water moccasin.
You closely miss the water moccasin. The water moccasin bites you!
You hit the water moccasin.
The water moccasin is lightly wounded.
The water moccasin completely misses you.
The water moccasin misses you.
You hit the water moccasin.
The water moccasin is moderately wounded.
The water moccasin closely misses you.
You hit the water moccasin but do no damage.
The water moccasin is moderately wounded.
The water moccasin bites you.
You hit the water moccasin but do no damage.
The water moccasin is moderately wounded.
The water moccasin bites you.
* * * LOW HITPOINT WARNING * * *
You hit the water moccasin but do no damage.
The water moccasin is moderately wounded.
The water moccasin barely misses you.
You hit the water moccasin but do no damage.
The water moccasin is moderately wounded.
The water moccasin bites you.
You die...

........##...######....##.....
........##...........#.##.....
....<...##.......#.###..###.##
>..../..##...#.....####.# #.##
.......S..............#S###.##
...............##.............
#######..#####.....##.......#.
###(######................
###...#.SJS@..............#.
#.......####..............#.
#....###...................#.
....## #.#####.............#.
.... #.# ##...#......#... ...
... #..##.......##. .. ...
..###........ . .... ###S#...
... .......


You could see a water moccasin, an adder and an endoplasm.

Vanquished Creatures
  An iguana (D:2)
  3 adders (D:2)
  A worm (D:2)
  2 dart slugs
  3 orcs (D:2)
  4 endoplasms
  4 goblins
  9 hobgoblins
  2 quokkas
  4 ball pythons
  3 bats (D:2)
  5 kobolds
  5 rats
46 creatures vanquished.

Notes
Turn   | Place    | Note
-------+----------+-------------------------------------------
     0 | D:1      | styxcanada the Spriggan Brigand began the quest for the
                  | Orb.
     0 | D:1      | Reached XP level 1. HP: 10/10 MP: 2/2
    29 | D:1      | Reached skill level 6 in Stealth
   361 | D:1      | Reached XP level 2. HP: 10/15 MP: 3/3
  1310 | D:2      | Reached skill level 7 in Stealth
  1797 | D:2      | Reached XP level 3. HP: 18/18 MP: 4/4
  2550 | D:2      | Reached XP level 4. HP: 23/23 MP: 5/5
  3592 | D:3      | Noticed a water moccasin
  3667 | D:3      | Slain by a water moccasin

Illustrated notes

Levels and vault maps discovered:
D:1:      psy_arrival_whirlpool, layout_basic, serial_forest,
          infiniplex_forest_straight_3, infiniplex_forest_end_2,
          infiniplex_forest_clump_diagonal, infiniplex_forest_end_3,
          infiniplex_forest_straight_3, infiniplex_forest_end_1,
          infiniplex_forest_diagonal, infiniplex_forest_lined_room_3
D:2:      layout_loops_corners, grunt_ministairs_6, minmay_stone_trees_small,
          minmay_pentomino_s4
D:3:      layout_rooms

Skill      XL: |  1  2  3  4 |
---------------+-------------+-----
Stealth        | 6 7 |  7.9
Dodging        | 2 |  2.3
Short Blades   | 3 |  3.0
Fighting       | |  1.9
Throwing       | |  2.2

Action                   |  1- 3 |  4- 6 || total
-------------------------+-------+-------++-------
Melee: Dagger            |   106 |    53 ||   159
       Punch             |     1 |       ||     1
Throw: Dart              |    19 |    10 ||    29
       Stone             |       |     1 ||     1
  Use: Scroll            |       |     4 ||     4
 Stab: Sleeping          |    16 |       ||    16
Armor: Robe              |     7 |     3 ||    10
Dodge: Dodged            |    54 |    29 ||    83
